 Dungeon Crawl Stone Soup version 0.27-a0-1586-gd5c625afe7 (webtiles) character file.

Game seed: 1208610763528356022

1439 HAL9000 the Jinx (level 8, -3/38 HPs)
             Began as a Vine Stalker Brigand on July 18, 2021.
             Succumbed to a water moccasin's poison
             ... on level 5 of the Dungeon.
             The game lasted 00:11:04 (6229 turns).

HAL9000 the Jinx (Vine Stalker Brigand)             Turns: 6229, Time: 00:11:04

Health: -3/38      AC:  3    Str: 14    XL:     8   Next: 74%
Magic:  4/13       EV: 11    Int: 12    God:
Gold:   222        SH:  4    Dex: 17    Spells: 10/13 levels left

rFire    . . .     SeeInvis .   n - +2 dagger (venom)
rCold    . . .     Faith    .   G - +0 buckler
rNeg     . . .     Spirit   +   b - +0 robe
rPois    .         Reflect  .   (no helmet)
rElec    .         Harm     .   c - +0 cloak
rCorr    .         Rampage  .   (no gloves)
Will     +....                  (no boots)
Stlth    +++.......             (no amulet)
HPRegen  1.12/turn              (no ring)
MPRegen  0.13/turn              (no ring)

@: lethally poisoned (-3 -> -29)
A: fangs 3, regeneration 1, magic shield, antimagic bite, no potion heal 2
a: no special abilities


You were on level 5 of the Dungeon.
You visited 1 branch of the dungeon, and saw 5 of its levels.
You also visited: Sewer.

You collected 222 gold pieces.

Inventory:

Hand Weapons
 a - a +2 dagger
 n - a +2 dagger of venom (weapon)
 E - a +2 dagger of draining
Missiles
 d - 29 poisoned darts (quivered)
 e - a curare-tipped dart
 g - 8 boomerangs
 m - a throwing net
Armour
 b - a +0 robe (worn)
 c - a +0 cloak (worn)
 G - a +0 buckler (worn)
Jewellery
 s - a ring of fire
Wands
 r - a wand of iceblast (17)
Scrolls
 f - 2 scrolls of noise {unknown}
 j - 2 scrolls of vulnerability {unknown}
 k - a scroll of teleportation {unknown}
 o - a scroll of enchant weapon {unknown}
 q - a scroll of amnesia
 t - a scroll of magic mapping {unknown}
 v - a scroll of blinking {unknown}
 y - 2 scrolls of acquirement {unknown}
 C - a scroll of fear {unknown}
 D - a scroll of summoning {unknown}
 F - a scroll of identify
Potions
 h - 2 potions of mutation
 i - 2 potions of attraction
 l - a potion of cancellation
 p - 2 potions of resistance {unknown}
 u - 2 potions of might {unknown}
 w - a potion of flight {unknown}
 x - 3 potions of haste {unknown}
 z - 2 potions of curing {unknown}
 A - a potion of lignification {unknown}
 B - 2 potions of heal wounds {unknown}


   Skills:
 - Level 1.7 Fighting
 - Level 3.0 Short Blades
 - Level 3.1 Throwing
 - Level 0.7 Dodging
 - Level 4.8 Stealth
 + Level 1.5 Shields
 - Level 3.1 Spellcasting
 - Level 8.7 Hexes


You had 10 spell levels left.
You knew the following spells:

 Your Spells              Type           Power      Damage    Failure   Level
a - Dazzling Flash        Conj/Hex       24%        N/A       16%         3

Your spell library contained the following spells:

 Spells                   Type           Power      Damage    Failure   Level
 Inner Flame              Hex/Fire       12%        N/A       16%         3
 Summon Guardian Golem    Hex/Summ       12%        N/A       16%         3
 Foxfire                  Conj/Fire      4%         2x1d4     32%         1
 Magic Dart               Conj           4%         1d3       32%         1
 Summon Small Mammal      Summ           4%         N/A       32%         1
 Call Imp                 Summ           1%         N/A       45%         2
 Call Canine Familiar     Summ           1%         N/A       69%         3
 Conjure Flame            Conj/Fire      1%         6-21      69%         3
 Mephitic Cloud           Conj/Pois/Air  1%         N/A       69%         3
 Iskenderun's Mystic Bla  Conj/Tloc      1%         2d3       97%         4
 Olgreb's Toxic Radiance  Pois           1%         N/A       97%         4
 Starburst                Conj/Fire      0%         8x6d3     100%        6
 Ozocubu's Refrigeration  Ice            0%         4d5       100%        7
 Ignition                 Fire           0%         3d3       100%        8


Dungeon Overview and Level Annotations

Branches:
Dungeon (5/15)              Sewer (visited)
 Temple: D:4-7

Altars:
Gozag
Okawaru
Qazlal
The Shining One

Shops:
D:2 *   D:4 *   D:5 =


Innate Abilities, Weirdness & Mutations

You have razor-sharp teeth.
Your natural rate of healing is unusually fast.
When hurt, damage is shared between your health and your magic reserves.
Your bite disrupts and absorbs the magic of your enemies.
Potions cannot restore your health.


Message History

You barely miss the water moccasin.
You bite the water moccasin, but do no damage.
The water moccasin is lightly wounded.
You feel sick. You block the water moccasin's attack.
The water moccasin bites you.
You are more poisoned.
The water moccasin poisons you!
You hit the water moccasin.
The water moccasin is lightly wounded.
You feel very sick. The water moccasin bites you.
You are more poisoned.
The water moccasin poisons you!
Unknown command.
You completely miss the water moccasin.
The water moccasin is lightly wounded.
You feel very sick. The water moccasin bites you.
You are lethally poisoned!
The water moccasin poisons you!
Unknown command.
You closely miss the water moccasin. Your bite misses the water moccasin.
The water moccasin is lightly wounded.
* * * LOW HITPOINT WARNING * * *
You feel extremely sick. The water moccasin misses you.
The water moccasin bites you!
* * * LOW HITPOINT WARNING * * *
You are more poisoned.
The water moccasin poisons you!
Okay, then.
Okay, then.
As you read the scroll labelled VEIPIYMMESUV, it crumbles to dust.
It is a scroll of amnesia.
Really abort (and waste the scroll)? [Y]es or [N]o only, please.
Really abort (and waste the scroll)? [Y]es or [N]o only, please.
Really abort (and waste the scroll)?
Okay, then.
You die...

###......##.##...#
# ########.#.###.#
# # #.# #.# #.#
#.# #.# #.# #@#
### #S# ..# #.#
#.# ..# #.# .##
#.# #. #.#
######.# ..#
#..?...# ######
#.#


You could see a water moccasin.

Vanquished Creatures
  Eustachio (D:4)
  Menkaure (D:4)
  A black bear (D:5)
  3 ogres
  A phantom (D:5)
  A gnoll sergeant (D:5)
  2 scorpions
  A centaur skeleton (D:4)
  2 hounds (D:5)
  Crazy Yiuf (D:3)
  2 jellies
  Jessica (D:3)
  Ijyb (D:3)
  A hound skeleton (D:5)
  16 gnolls
  9 adders
  2 worms
  3 dart slugs
  7 orcs
  4 endoplasms
  4 giant cockroaches
  9 goblins
  11 hobgoblins
  11 jackals
  15 kobolds
  5 quokkas
  12 ball pythons
  6 bats
  8 frilled lizards
  8 rats
149 creatures vanquished.

Vanquished Creatures (others)
  A fungus (D:3)
  13 plants
  2 withered plants (D:1)
16 creatures vanquished.

Grand Total: 165 creatures vanquished

Notes
Turn   | Place    | Note
-------+----------+-------------------------------------------
     0 | D:1      | HAL9000 the Vine Stalker Brigand began the quest for the
                  | Orb.
     0 | D:1      | Reached XP level 1. HP: 11/11 MP: 2/2
   249 | D:1      | Reached XP level 2. HP: 15/15 MP: 1/3
   910 | D:1      | Reached XP level 3. HP: 18/18 MP: 4/4
   934 | D:1      | Found a faded altar of an unknown god.
  1597 | D:2      | Found Qusaon's General Store.
  1787 | D:2      | Reached skill level 1 in Spellcasting
  1999 | D:1      | Gained mutation: Your natural rate of healing is unusually
                  | fast. [Vine Stalker growth]
  1999 | D:1      | Reached XP level 4. HP: 11/23 MP: 4/8
  2428 | D:2      | Learned a level 3 spell: Dazzling Flash
  2577 | D:3      | Noticed Ijyb
  2581 | D:3      | Killed Ijyb
  2582 | D:3      | Reached XP level 5. HP: 26/26 MP: 10/10
  2599 | D:3      | Reached skill level 1 in Hexes
  2895 | D:3      | Found a glowing golden altar of the Shining One.
  2933 | D:3      | Noticed an ogre
  2961 | D:3      | Killed an ogre
  2962 | D:3      | Reached skill level 2 in Hexes
  2962 | D:3      | Reached XP level 6. HP: 28/30 MP: 9/11
  3177 | D:3      | Reached skill level 3 in Hexes
  3377 | D:3      | Noticed Jessica
  3382 | D:3      | Killed Jessica
  4030 | D:3      | Found a runed translucent door.
  4031 | D:3      | Noticed Crazy Yiuf
  4036 | D:3      | Killed Crazy Yiuf
  4037 | D:3      | Reached skill level 4 in Hexes
  4088 | D:4      | Reached XP level 7. HP: 33/34 MP: 10/12
  4129 | D:4      | Found Quon Foa's Assorted Antiques.
  4422 | D:4      | Reached skill level 5 in Hexes
  4573 | D:4      | Reached skill level 6 in Hexes
  4635 | D:4      | Noticed Eustachio
  4640 | D:4      | Killed Eustachio
  4641 | D:4      | Gained mutation: You have razor-sharp teeth. [Vine Stalker
                  | growth]
  4641 | D:4      | Reached XP level 8. HP: 38/38 MP: 13/13
  4695 | D:4      | Noticed Menkaure
  4698 | D:4      | Killed Menkaure
  4699 | D:4      | Reached skill level 7 in Hexes
  4732 | D:5      | Entered Level 5 of the Dungeon
  4885 | D:5      | Found a glowing drain.
  4891 | D:5      | Reached skill level 8 in Hexes
  4908 | Sewer    | Entered a sewer
  5533 | D:5      | Found an iron altar of Okawaru.
  5614 | D:5      | Found Dahoof's Jewellery Shoppe.
  5797 | D:5      | Found an opulent altar of Gozag.
  6139 | D:5      | Reached skill level 1 in Shields
  6167 | D:5      | Found a stormy altar of Qazlal.
  6229 | D:5      | Succumbed to a water moccasin's poison

Illustrated notes

Levels and vault maps discovered:
D:1:      tarquinn_simple_flora_water_b, layout_basic,
          shapermc_ecumenical_altar_flowoftime, grunt_decor_cap
D:2:      layout_basic, serial_shops, shop
D:3:      layout_loops_corners, tso_metal_star, minmay_pentangle, uniq_jessica,
          uniq_ijyb, uniq_crazy_yiuf_cottage
D:4:      layout_gridville, serial_shops, shop, uniq_menkaure, uniq_eustachio
D:5:      layout_loops_cross, okawaru_metal_pillars_1_2,
          mainiacjoe_overflow_alcove_4, kennysheep_mini_moat, serial_shops,
          nicolae_stop_n_shop_2, portal_sewer_entry_f

Skill      XL: |  1  2  3  4  5  6  7  8 |
---------------+-------------------------+-----
Throwing       | 2 3 |  3.1
Spellcasting   | 2 3 |  3.1
Short Blades   | 2 3 |  3.0
Hexes          | 2 4 6 8 |  8.7
Shields        | 1 |  1.5
Fighting       | |  1.7
Dodging        | |  0.7
Stealth        | |  4.8

Action                   |  1- 3 |  4- 6 |  7- 9 || total
-------------------------+-------+-------+-------++-------
Melee: Dagger            |    96 |   161 |   181 ||   438
       Bite              |    26 |    44 |    48 ||   118
Throw: Dart              |    19 |    18 |    34 ||    71
       Boomerang         |       |       |     3 ||     3
  Use: Scroll            |       |     3 |     2 ||     5
 Stab: Sleeping          |     3 |    10 |     6 ||    19
       Distracted        |       |     1 |     1 ||     2
Armor: Robe              |    26 |    24 |    37 ||    87
Dodge: Dodged            |    44 |    77 |    76 ||   197
Block: Buckler           |       |       |     4 ||     4

Table legend: (Time is in decaauts)
 A = Elapsed time spent in this place.
 B = Non-inter-level travel time spent in this place.
 C = Inter-level travel time spent in this place.
 D = Time resting spent in this place.
 E = Time spent auto-exploring this place.
 F = Levels seen in this place.
 G = Mean time per level.
                   A        B        C        D        E       F      G
               +--------+--------+--------+--------+--------+-----+--------+
         Total |   6321 |   5817 |    504 |    328 |   4188 |   6 | 1053.5 |
       Dungeon |   5617 |   5113 |    504 |    328 |   3673 |   5 | 1123.4 |
         Sewer |    704 |    704 |      0 |      0 |    514 |   1 |  704.0 |
               +--------+--------+--------+--------+--------+-----+--------+

Top non-repeatable levels by time:
     D:1: 1794 daAuts
     D:3: 1345 daAuts
     D:2: 911 daAuts
     D:5: 887 daAuts
   Sewer: 704 daAuts
     D:4: 679 daAuts
